 Dungeon Crawl Stone Soup version 0.31.0-12-g77e489cdc1 (webtiles) character file.

Game seed: 15517235783976751047

7895 laxxanmousse the Fighter (level 11, 0/69 HPs)
             Began as a Gargoyle Fighter on Mar 3, 2024.
             Was a Believer of Wu Jian.
             Slain by a komodo dragon (22 damage)
             ... on level 10 of the Dungeon.
             The game lasted 00:19:35 (7433 turns).

laxxanmousse the Fighter (Gargoyle Fighter)         Turns: 7433, Time: 00:19:37

Health: 0/69       AC: 22    Str: 25    XL:     11   Next: 22%
Magic:  11/11      EV:  8    Int:  8    God:    Wu Jian [**....]
Gold:   519        SH:  5    Dex:  9    Spells: 10/10 levels left

rFire   . . .        a - +1 war axe
rCold   . . .        c - +0 buckler
rNeg    + . .        d - +2 chain mail {Will+}
rPois   ∞            y - +0 helmet
rElec   +            (no cloak)
rCorr   .            (no gloves)
SInv    +            (no boots)
Will    ++...        e - amulet of regeneration Stlth
                     p - ring of see invisible
HPRegen 1.11/turn    B - ring of willpower
MPRegen 0.12/turn

%: no passive effects
@: no status effects
A: sickness immunity, AC +8, negative energy resistance 1, electricity
resistance, torment resistance 1, petrification resistance
a: Renounce Religion, Wall Jump


You were on level 10 of the Dungeon.
You worshipped Wu Jian.
Wu Jian was pleased with you.
You visited 2 branches of the dungeon, and saw 11 of its levels.

You collected 519 gold pieces.

Inventory:

Hand Weapons
 a - a +1 war axe (weapon)
 D - a +4 mace
Missiles
 g - a curare-tipped dart
 h - 5 datura-tipped darts
 i - 83 stones (quivered)
 t - 16 poisoned darts
Armour
 b - a +0 scale mail
 c - a +0 buckler (worn)
 d - a +2 chain mail of willpower (worn)
 y - a +0 helmet (worn)
Jewellery
 e - an amulet of regeneration (around neck)
 p - a ring of see invisible (left hand)
 A - a ring of see invisible
 B - a ring of willpower (right hand)
Talismans
 G - a maw talisman
Wands
 q - a wand of acid (2)
 u - a wand of iceblast (12)
 w - a wand of digging (6)
Scrolls
 f - 6 scrolls of teleportation
 o - 2 scrolls of blinking
 r - 3 scrolls of silence
 s - a scroll of amnesia
 x - a scroll of poison
 F - a scroll of revelation
Potions
 j - 3 potions of curing
 k - a potion of lignification {unknown}
 l - a potion of ambrosia
 m - 2 potions of magic
 n - 2 potions of brilliance
 v - a potion of resistance {unknown}
 C - a potion of might
 E - a potion of berserk rage {unknown}
 H - a potion of haste


   Skills:
 + Level 8.6 Fighting
 + Level 6.8 Axes
 + Level 6.3 Throwing
 + Level 8.5 Armour
 + Level 8.3 Shields
 + Level 5.5 Evocations


You had 10 spell levels left.
You didn't know any spells.
Your spell library contained the following spells:

 Spells                   Type           Power      Damage    Failure   Level
 Slow                     Hex            0%         N/A       91%         1
 Blink                    Tloc           0%         N/A       97%         2
 Ensorcelled Hibernation  Hex/Ice        0%         N/A       97%         2
 Lesser Beckoning         Tloc           0%         N/A       97%         2
 Momentum Strike          Conj/Tloc      0%         3d8       97%         2
 Confusing Touch          Hex            0%         N/A       100%        3
 Fugue of the Fallen      Necr           0%         N/A       100%        3
 Ozocubu's Armour         Ice            0%         N/A       100%        3
 Sigil of Binding         Hex            0%         N/A       100%        3
 Vampiric Draining        Necr           0%         2d6       100%        3
 Anguish                  Hex/Necr       0%         N/A       100%        4
 Manifold Assault         Tloc           0%         N/A       100%        4


Dungeon Overview and Level Annotations

Branches:
Dungeon (10/15)            Temple (1/1) D:6
   Lair: D:8-11         Orc: D:9-12

Altars:
Ashenzari
Cheibriados
Dithmenos
Elyvilon
Fedhas
Gozag
Hepliaklqana
Kikubaaqudgha
Makhleb
Nemelex Xobeh
Okawaru
Qazlal
Ru
Sif Muna
Trog
Uskayaw
Vehumet
Wu Jian
Xom
Yredelemnul
Zin
The Shining One

Annotations:
D:4 1 runed translucent door, Crazy Yiuf


Innate Abilities, Weirdness & Mutations

You are immune to sickness and miasma.
Your stone body is resilient. (AC +8)
You are immune to poison.
You resist negative energy. (rN+)
You are resistant to electric shocks. (rElec)
You are resistant to unholy torment.
You are immune to petrification.


Message History

HP restored.
You start waiting.
Done waiting.
You see here a komodo dragon corpse.
A komodo dragon comes into view.
The komodo dragon hisses angrily.
A basilisk comes into view.
The basilisk hisses angrily.
The komodo dragon attacks as it pursues you!
The komodo dragon bites you!
You spin and attack the komodo dragon.
You closely miss the komodo dragon. You block the komodo dragon's attack.
The komodo dragon bites you but does no damage.
The komodo dragon attacks as it pursues you!
The komodo dragon bites you but does no damage.
You see here a komodo dragon corpse.
You slash the komodo dragon!
The komodo dragon is moderately wounded.
The komodo dragon bites you but does no damage.
You slash the komodo dragon!
The komodo dragon is severely wounded.
The komodo dragon bites you but does no damage.
You hit the komodo dragon but do no damage.
The komodo dragon is severely wounded.
The komodo dragon bites you!!
You hit the komodo dragon.
The komodo dragon is severely wounded.
The komodo dragon bites you!
You hit the komodo dragon but do no damage.
The komodo dragon is severely wounded.
You closely miss the basilisk. The komodo dragon bites you!!
The basilisk bites you but does no damage.
The komodo dragon bites you but does no damage.
You hit the komodo dragon but do no damage.
The komodo dragon is severely wounded.
You hit the basilisk.
The basilisk hisses menacingly.
The basilisk bites you but does no damage.
The komodo dragon bites you!!
You die...

##### # ####.#l#####
#.#.##.....l@...###
.##........###.....#
##### .........###
####..#### ##.##.
......###.#
#.##...###.....
..##. #.#
#######†..###.# #
.## ##### ### #. ##


You could see a komodo dragon and a basilisk.

Vanquished Creatures
  Pikel (D:4)
  Joseph (D:9)
  2 komodo dragons (D:10)
  Prince Ribbit (D:4)
  A hornet (D:8)
  Sigmund (D:3)
  A wraith (D:9)
  A vampire (D:9)
  9 yaks
  A basilisk (D:10)
  A steam dragon (D:8)
  An acid dragon (D:9)
  A water moccasin (D:7)
  An orc warrior (D:9)
  An ice beast (D:8)
  2 hornet zombies (D:7)
  A sky beast (D:5)
  2 ogres
  3 centaurs
  2 kobold brigands
  A gnoll sergeant (D:8)
  3 bullfrogs
  4 scorpions
  A wyvern zombie (D:7)
  6 wights (D:6)
  16 killer bees
  5 howler monkeys
  2 hounds
  4 jellies
  2 bombardier beetles
  A bullfrog zombie (D:7)
  5 orc priests
  Natasha (thrice) (D:2)
  2 iguanas
  16 orc wizards
  2 killer bee zombies (D:7)
  A howler monkey zombie (D:7)
  4 gnolls (D:8)
  12 adders
  A shadow imp (D:8)
  2 white imps
  2 dart slugs (D:3)
  2 ribbon worms
  31 orcs
  6 ball pythons
  6 endoplasms
  4 giant cockroaches
  5 goblins
  2 hobgoblins
  7 bats
  4 frilled lizards
  19 kobolds
  6 rats
221 creatures vanquished.

Notes
Turn   | Place    | Note
-------+----------+-------------------------------------------
     0 | D:1      | laxxanmousse the Gargoyle Fighter began the quest for the
                  | Orb.
     0 | D:1      | Reached XP level 1. HP: 14/14 MP: 1/1
   130 | D:1      | Reached XP level 2. HP: 19/19 MP: 2/2
   570 | D:2      | Reached XP level 3. HP: 23/23 MP: 3/3
   693 | D:2      | Noticed Natasha
   702 | D:2      | Killed Natasha
   703 | D:2      | Reached skill level 1 in Throwing
   703 | D:2      | Reached XP level 4. HP: 23/29 MP: 4/4
   922 | D:2      | Reached XP level 5. HP: 26/33 MP: 5/5
  1004 | D:2      | Noticed Natasha
  1009 | D:2      | Killed Natasha
  1066 | D:2      | Noticed Natasha
  1071 | D:2      | Killed Natasha
  1330 | D:3      | Reached XP level 6. HP: 39/39 MP: 6/6
  2167 | D:4      | Noticed Sigmund
  2180 | D:3      | Killed Sigmund
  2181 | D:3      | Reached XP level 7. HP: 40/44 MP: 7/7
  2299 | D:4      | Found a runed translucent door.
  2300 | D:4      | Noticed Crazy Yiuf
  2429 | D:4      | Noticed Pikel
  2455 | D:4      | Killed Pikel
  2456 | D:4      | Reached skill level 5 in Fighting
  2456 | D:4      | Reached skill level 5 in Armour
  2456 | D:4      | Reached skill level 5 in Shields
  2456 | D:4      | Reached skill level 1 in Evocations
  2456 | D:4      | Reached XP level 8. HP: 23/50 MP: 8/8
  2988 | D:5      | Entered Level 5 of the Dungeon
  3012 | D:5      | Noticed Prince Ribbit
  3070 | D:4      | Killed Prince Ribbit
  3442 | D:5      | Reached XP level 9. HP: 52/55 MP: 9/9
  3729 | D:6      | Found a sacrificial altar of Ru.
  3906 | D:6      | Found a stormy altar of Qazlal.
  4093 | D:6      | Reached skill level 5 in Axes
  4163 | D:6      | Found a staircase to the Ecumenical Temple.
  4232 | Temple   | Entered the Ecumenical Temple
  4314 | Temple   | Became a worshipper of the Wu Jian Council
  4603 | D:5      | Found a hide-covered altar of Uskayaw.
  4603 | D:5      | Found an iron altar of Okawaru.
  4687 | D:7      | Found a shadowy altar of Dithmenos.
  4790 | D:7      | Found a bloodstained altar of Trog.
  4843 | D:7      | Found a basalt altar of Yredelemnul.
  4962 | D:7      | Found a glowing golden altar of the Shining One.
  5096 | D:7      | Noticed a two-headed ogre
  5204 | D:8      | Reached * piety under Wu Jian
  5209 | D:8      | Reached skill level 5 in Throwing
  5242 | D:8      | Reached XP level 10. HP: 61/63 MP: 10/10
  6020 | D:9      | Found a white marble altar of Elyvilon.
  6057 | D:9      | Reached ** piety under Wu Jian
  6349 | D:9      | Found a glowing silver altar of Zin.
  6361 | D:9      | Noticed Joseph
  6383 | D:9      | Killed Joseph
  6384 | D:9      | Reached skill level 5 in Evocations
  6619 | D:9      | HP: 2/64 [acid dragon/splash of acid (26)]
  6755 | D:10     | Entered Level 10 of the Dungeon
  6887 | D:10     | Reached XP level 11. HP: 16/69 MP: 11/11
  7433 | D:10     | Slain by a komodo dragon

Illustrated notes

Levels and vault maps discovered:
D:1:      co_arrival_square_in_a_square_in_a_square, layout_rooms
D:2:      layout_basic, serial_corexii_hall, chequers_hall_statues_y,
          corexii_hall_statues_s, corexii_hall_statues_x,
          chequers_hall_statues_wall_a, uniq_natasha
D:3:      layout_loops_corners
D:4:      layout_basic, uniq_crazy_yiuf_cottage, uniq_sigmund, uniq_pikel
D:5:      layout_basic, nicolae_overflow_hidden_temple, uniq_prince_ribbit1
D:6:      layout_loops_ring, nicolae_ru_sacrificial_ziggurat,
          grunt_qazlal_clouds, temple_pool_b
D:7:      layout_loops_ring, grunt_dithmenos_smoke,
          nicolae_yredelemnul_corpse_copse, nicolae_tso_swordbearing_angel,
          mainiacjoe_overflow_chevrons, nicolae_letterblocks
          [nicolae_letter_subblock, nicolae_letter_subblock,
          nicolae_letter_subblock, nicolae_letter_subblock,
          nicolae_letter_subblock, nicolae_letter_subblock,
          nicolae_letter_subblock, nicolae_letter_subblock,
          nicolae_letter_subblock, nicolae_letter_subblock,
          nicolae_letter_subblock, nicolae_letter_subblock,
          nicolae_letter_subblock, nicolae_letter_subblock,
          nicolae_letter_subblock, nicolae_letter_subblock,
          nicolae_letter_subblock, nicolae_letter_subblock,
          nicolae_letter_subblock, nicolae_letter_subblock,
          nicolae_letter_subblock, nicolae_letter_subblock,
          nicolae_letter_subblock, nicolae_letter_subblock,
          nicolae_letter_subblock], uniq_menkaure
D:8:      layout_basic
D:9:      layout_loops_cross, mainiacjoe_overflow_catwalk,
          overflow_temple_1_default, uniq_joseph
D:10:     layout_irregular_city, erik_lair_dragon, orc_david_3,
          kennysheep_generic_room_6, uniq_nergalle, uniq_harold
Temple:   minmay_temple_forest_path

Skill      XL: |  1  2  3  4  5  6  7  8  9 10 |
---------------+-------------------------------+-----
Axes           | 2 3 4 5 6 |  6.8
Throwing       | 1 2 3 5 6 |  6.3
Armour         | 4 5 6 7 8 |  8.5
Shields        | 4 5 6 7 8 |  8.3
Fighting       | 4 5 6 7 8 |  8.6
Evocations     | 1 2 4 5 |  5.5

Action                     |  1- 3 |  4- 6 |  7- 9 | 10-12 || total
---------------------------+-------+-------+-------+-------++-------
  Melee: War axe           |    87 |    94 |   412 |   383 ||   976
  Throw: Stone             |       |       |     3 |    10 ||    13
         Dart              |       |       |     1 |       ||     1
Ability: Lunge             |       |       |     6 |    12 ||    18
         Whirlwind         |       |       |       |    11 ||    11
    Use: Potion            |     1 |     1 |     1 |     7 ||    10
         Scroll            |       |     7 |    10 |     3 ||    20
 Armour: Scale mail        |    84 |    88 |   143 |       ||   315
         Chain mail        |       |       |   209 |   503 ||   712
  Dodge: Dodged            |    41 |    43 |   166 |   206 ||   456
  Block: Buckler           |    22 |    22 |    91 |   138 ||   273
